 Seeded DCSS version 0.27-a0-1228-gfd60fd639a (webtiles) character file.

Game seed: 49 (custom seed)

4 Snicker the Chopper (level 1, 18/18 HPs)
             Began as a Minotaur Gladiator on June 8, 2021.
             Got out of the dungeon alive.
             The game lasted 00:00:21 (110 turns).

Snicker the Chopper (Minotaur Gladiator)             Turns: 110, Time: 00:00:21

Health: 18/18      AC:  3    Str: 18    XL:     1   Next: 50%
Magic:  0/0        EV: 12    Int:  5    God:
Gold:   0          SH:  0    Dex: 11    Spells: 0/0 levels left

rFire    . . .     SeeInvis .   a - +0 war axe
rCold    . . .     Faith    .   (no shield)
rNeg     . . .     Spirit   .   b - +0 leather armour
rPois    .         Reflect  .   c - +0 hat
rElec    .         Harm     .   (no cloak)
rCorr    .         Rampage  .   (no gloves)
Will     .....                  (no boots)
Stlth    +.........             (no amulet)
HPRegen  0.06/turn              (no ring)
MPRegen  0.07/turn              (no ring)

@: no status effects
A: horns 2, retaliatory headbutt
a: no special abilities


You escaped.
You visited 1 branch of the dungeon, and saw 1 of its levels.

Inventory:

Hand Weapons
 a - a +0 war axe (weapon)
Missiles
 d - 3 throwing nets (quivered)
Armour
 b - a +0 leather armour (worn)
 c - a +0 hat (worn)
Scrolls
 e - a scroll of acquirement


   Skills:
 + Level 2.4 Fighting
 + Level 3.8 Axes
 + Level 2.0 Throwing
 + Level 3.4 Dodging


You couldn't memorise any spells.
You didn't know any spells.
Your spell library was empty.

Dungeon Overview and Level Annotations

Branches:
Dungeon (1/15)

Altars:


Innate Abilities, Weirdness & Mutations

You have a pair of horns on your head.
You reflexively headbutt those who attack you in melee.


Message History

Unknown command.
Unknown command.
You open the door.
There is an open door here.
You enter the shallow water.
Moving in this stuff is going to be slow.
You open the door.
There is an open door here.
There is an open door here.
You enter the shallow water.
Moving in this stuff is going to be slow.
A goblin comes into view. It is wielding a +0 dagger of draining.
You hit the goblin. Your headbutt misses the goblin.
The goblin is severely wounded.
The goblin hits you but does no damage.
You feel drained.
You closely miss the goblin. Your headbutt misses the goblin.
The goblin is severely wounded.
The goblin barely misses you. The goblin closely misses you.
You hit the goblin.
You kill the goblin!
You see here a +0 dagger of draining.
A bat comes into view.
A bat is nearby!
The bat misses you. You furiously retaliate!
You headbutt the bat!
You kill the bat!
Your life force feels restored.
HP restored.
e - a scroll labelled COPPATHRUARI A quokka comes into view.
You hit the quokka. You headbutt the quokka.
You kill the quokka!
A rat comes into view.
This is a scroll of acquirement!
A rat is nearby!
You enter the shallow water.
Moving in this stuff is going to be slow.
There is an open door here.
There is a staircase leading out of the dungeon here.
Are you sure you want to leave the Dungeon?
This will make you lose the game!
You have escaped!

#.# #..### #.♣..
#♣≈≈≈♣ #P≈≈≈♣
###♣≈≈### #.##≈##.#
#..'≈'..# #@##≈##.#
###♣≈♣### # ♣≈≈≈♣ ..
#♣≈≈≈♣# #.
#..##...#.# # #.
#.........#########.
#.#.
##.###....#..........
##.#.
.........###.........
#....
#......#####.#######


There were no monsters in sight!

Vanquished Creatures
  A bat (D:1)
  A goblin (D:1)
  A quokka (D:1)
3 creatures vanquished.

Notes
Turn   | Place    | Note
-------+----------+-------------------------------------------
     0 | D:1      | Snicker the Minotaur Gladiator began the quest for the Orb.
     0 | D:1      | Reached XP level 1. HP: 18/18 MP: 0/0
    83 | D:1      | Identified a scroll of acquirement
   110 | D:$      | Got out of the dungeon alive.

Illustrated notes

Levels and vault maps discovered:
D:1:      sevenhm_arrival_forest_fort_small_4, layout_loops_ring

Action                   || total
-------------------------++-------
Melee: War axe           ||     4
       Headbutt          ||     1
Armor: Leather armour    ||     1
Dodge: Dodged            ||     3

Table legend: (Time is in decaauts)
 A = Elapsed time spent in this place.
 B = Non-inter-level travel time spent in this place.
 C = Inter-level travel time spent in this place.
 D = Time resting spent in this place.
 E = Time spent auto-exploring this place.
 F = Levels seen in this place.
 G = Mean time per level.
                   A        B        C        D        E       F      G
               +--------+--------+--------+--------+--------+-----+--------+
         Total |    120 |     98 |     22 |      0 |     70 |   1 |  120.0 |
       Dungeon |    120 |     98 |     22 |      0 |     70 |   1 |  120.0 |
               +--------+--------+--------+--------+--------+-----+--------+

Top non-repeatable levels by time:
     D:1: 120 daAuts
